 Dungeon Crawl Stone Soup version 0.18.1-48-g4cf74bf (console) character file.

457 stickyfingers the Jinx (level 6, -2/41 HPs)
             Began as a Vampire Enchanter on Sept 9, 2016.
             Was an Initiate of Kikubaaqudgha.
             Slain by Zuwkax the merfolk
             ... wielding a +4 trident of flaming
             ... created by the player character
              (6 damage)
             ... in a sewer.
             The game lasted 00:17:27 (4245 turns).

stickyfingers the Jinx (Vampire Enchanter)          Turns: 4245, Time: 00:17:28

Health: -2/41      AC:  0    Str:  7    XL:     6   Next: 77%
Magic:  9/9        EV: 20    Int: 18    God:    Kikubaaqudgha [......]
Gold:   173        SH:  0    Dex: 21    Spells: 3 memorised, 3 levels left

rFire  . . .     SeeInvis +     (weapon currently unavailable)
rCold  + . .     Gourm    .     (armour currently unavailable)
rNeg   + + .     Faith    .     (shield currently unavailable)
rPois  +         Spirit   .     (helmet currently unavailable)
rElec  .         Dismiss  .     (cloak currently unavailable)
rCorr  .         Reflect  .     (gloves currently unavailable)
SustAt .         Harm     .     (boots currently unavailable)
MR     .....                    (no amulet)
Stlth  ++++......               (ring currently unavailable)
                                (ring currently unavailable)

@: bat-form, flying, mesmerised, regenerating slowly, very quick, not resistant
to hostile enchantments, stealthy
A: fangs 3, (yellow scales 0), see invisible, (unbreathing)
a: End Transformation, Renounce Religion


You were in a sewer.
You worshipped Kikubaaqudgha.
Kikubaaqudgha was noncommittal.
You were thirsty.
You were in vampire-bat-form.
You visited 2 branches of the dungeon, and saw 6 of its levels.
You also visited: Sewer.

You collected 191 gold pieces.

Inventory:

Hand Weapons
 a - a +1 dagger (melded)
 z - the +5 mace of Haweuhir {venom, MR+ Str-2 Dex+8, unknown}
   (You found it on level 4 of the Dungeon)

   It poisons the flesh of those it strikes.
   It affects your strength (-2).
   It affects your dexterity (+8).
   It affects your resistance to hostile enchantments.
Missiles
 d - a throwing net
 e - 100 stones (quivered)
 g - 39 arrows
 j - 12 poisoned needles
 m - 82 sling bullets
Armour
 b - a +1 robe (melded)
 t - a +0 cloak (melded)
   (You found it on level 3 of the Dungeon)
Jewellery
 l - a ring of resist corrosion (melded)
   (You found it on level 1 of the Dungeon)
 r - a +5 ring of dexterity (melded)
   (You found it on level 2 of the Dungeon)
Wands
 B - a wand of teleportation (1/9)
   (You found it on level 5 of the Dungeon)
Scrolls
 f - a scroll of fog {unknown}
 o - 4 scrolls of teleportation {unknown}
 p - a scroll of enchant armour {unknown}
 u - 2 scrolls of identify {unknown}
 v - a scroll of random uselessness {unknown}
 x - a scroll of recharging {unknown}
 y - a scroll of amnesia {unknown}
 C - a scroll of noise {unknown}
Potions
 i - 2 potions of haste {unknown}
 k - 2 potions of berserk rage {unknown}
 n - a potion of beneficial mutation {unknown}
 q - 11 potions of blood
 s - a potion of might {unknown}
 w - a potion of flight {unknown}
 A - a potion of curing {unknown}
Books
 c - a book of Maledictions

   Spells                             Type                      Level
   a - Corona                         Hexes                        1
   b - Ensorcelled Hibernation        Hexes/Ice                    2
   c - Confuse                        Hexes                        3
   d - Tukima's Dance                 Hexes                        3
   e - Dazzling Spray                 Conjuration/Hexes            3


   Skills:
 + Level 4.0 Short Blades
 - Level 2.1 Dodging
 + Level 6.4 Stealth
 - Level 2.0 Spellcasting
 - Level 8.0 Hexes
 - Level 2.0 Ice Magic


You had 3 spell levels left.
You knew the following spells:

 Your Spells              Type           Power        Failure   Level  Hunger
e - Ensorcelled Hibernat  Hex/Ice        ###...       3%          2    ###....
w - Confuse               Hex            ####....     1%          3    ###....
Z - Corona                Hex            ####...      1%          1    #......


Dungeon Overview and Level Annotations

Branches:
Dungeon (5/15)             Temple (1/1) D:4

Altars:
Ashenzari
Cheibriados
Dithmenos
Gozag
Kikubaaqudgha
Nemelex Xobeh
Okawaru
Pakellas
Ru
Trog
Vehumet
Xom
Yredelemnul
Zin

Annotations:
D:5 2 exclusions


Innate Abilities, Weirdness & Mutations

You heal slowly.
You have razor-sharp teeth.
You have supernaturally acute eyesight.
((You can survive without breathing.))
((You are partially covered in yellow scales (AC +2).))


Message History

Aim: a giant gecko (clinging, chance to defeat MR: 83%)
The giant gecko looks drowsy...
The helpless giant gecko fails to defend itself.
You bite the giant gecko, and draw its blood!
You feel better.
You feel slightly less thirsty.
You perforate the giant gecko like a sieve!!!
You kill the giant gecko!
Kikubaaqudgha accepts your kill.
You enter the shallow water.
Moving in this stuff is going to be slow.
You enter the shallow water.
Moving in this stuff is going to be slow.
You enter the shallow water.
Moving in this stuff is going to be slow.
Why would you want to do that?
You fly out of the water as you turn into a vampire bat.
Your +1 dagger melds into your body.
Your +0 cloak melds into your body.
Your +1 robe melds into your body.
Your ring of resist corrosion melds into your body.
Your +5 ring of dexterity melds into your body.
You feel clumsy.
Unknown command.
A sickly siren comes into view. It is wielding a spear.
The sickly siren chants a haunting song.
You are mesmerised by the sickly siren!
You cannot move away from the sickly siren!
Unknown command.
Unknown command.
You cannot move away from the sickly siren!
You cannot move away from the sickly siren!
You cannot move away from the sickly siren!
You cannot move away from the sickly siren!
Evoke which item? (* to show all) (? for menu, Esc to quit)
Okay, then.
Unknown command.
Evoke which item? (* to show all) (? for menu, Esc to quit)
You draw a card...
It is Wild Magic.
You feel a surge of magic.
The sickly siren chants its luring song.
Evoke which item? (* to show all) (? for menu, Esc to quit)
You draw a card...
It is the Mercenary.
This is a plain deck of wonders {drawn: 2}.
You cannot afford Zuwkax's fee of 308 gold!
Zuwkax attacks!
Zuwkax the merfolk comes into view. It is wielding a trident of flaming.
The sickly siren chants its luring song.
Evoke which item? (* to show all) (? for menu, Esc to quit)
You draw a card...
It is the Helix.
Yellow scales grow over part of your body.
The sickly siren chants its luring song.
Zuwkax hits you with a trident of flaming!
Zuwkax burns you.
Evoke which item? (* to show all) (? for menu, Esc to quit)
You draw a card...
It is the Alchemist.
You feel better. 18 of your gold pieces vanish!
The sickly siren chants its luring song.
Unknown command.
Okay, then.
Unknown command.
Press: ? - help, v - describe, . - travel Some deep water.
Unknown command.
Press: ? - help, v - describe, . - travel
Here: Zuwkax the merfolk, wielding a trident of flaming and wearing a glowing robe (water, durably summoned) Some deep water.
Unknown command.
Unknown command.
Okay, then.
Unknown command.
Evoke which item? (* to show all) (? for menu, Esc to quit)
You draw a card...
It is the Alchemist.
Nothing appears to happen.
Zuwkax closely misses you.
The sickly siren chants its luring song.
Evoke which item? (* to show all) (? for menu, Esc to quit)
You draw a card...
It is Wild Magic.
The deck of cards disappears without a trace.
You feel a surge of magic.
You feel your power returning. Zuwkax completely misses you.
The sickly siren chants its luring song.
Evoke which item? (* to show all) (? for menu, Esc to quit)
Okay, then.
Unknown command.
Zuwkax barely misses you.
The sickly siren chants its luring song.
One of your 12 potions of blood rots away.
The sickly siren chants its luring song.
The sickly siren chants its luring song.
You hit the sickly siren but do no damage.
You bite the sickly siren, but do no damage.
The sickly siren chants its luring song.
You hit the sickly siren but do no damage.
Zuwkax hits you from afar with a trident of flaming!!
Zuwkax burns you.
The sickly siren chants its luring song.
You hit the sickly siren.
The sickly siren is lightly wounded.
You closely miss the sickly siren. You bite the sickly siren.
You draw the sickly siren's blood!
You feel better.
You feel slightly less thirsty.
The sickly siren is moderately wounded.
Zuwkax hits you from afar with a trident of flaming!
* * * LOW HITPOINT WARNING * * *
Zuwkax burns you.
You die...
Kikubaaqudgha rasps: "You have failed me!
Welcome... oblivion!"

############# #mb≈m≈≈≈≈≈≈≈#
###########≈# ####≈≈# ####
##..≈≈≈#
≈#############..####.≈≈≈≈##
≈≈≈≈≈≈≈≈≈≈≈≈..≈..≈≈.≈≈≈..#
#######≈≈≈≈≈≈≈≈≈≈≈≈≈≈≈...#
####################.#
#∩∩≈≈≈≈.........÷.##.#
###≈≈≈.########≈..#..#
##≈.## #≈≈...÷#


You could see Zuwkax the merfolk and a sickly siren.

Vanquished Creatures
  The ghost of Nukog the Cudgeler, an amateur OgWn (D:4)
  A centaur (D:5)
  A jelly (D:5)
  A hound (D:4)
  Ijyb (D:3)
  A worker ant (D:4)
  6 adders (D:2 D:3)
  2 river rats (Sewer)
  3 oozes (D:1 D:2 D:5)
  3 worms (D:2 D:3)
  A dart slug (D:2)
  4 giant geckos (D:3 D:5 Sewer)
  3 orcs (D:3)
  8 giant cockroaches (D:1 D:2 D:5 Sewer)
  3 goblins (D:1 D:3)
  5 hobgoblins (D:1 D:2 D:3)
  4 jackals (D:1)
  A quokka (D:5)
  3 ball pythons (D:2 D:3 Sewer)
  12 bats (D:1 D:2 D:3)
  3 giant newts (D:1 D:2 D:4)
  7 kobolds (D:1 D:2)
  12 rats (D:1 D:2 D:3 Sewer)
  A spectral orc (D:3)
87 creatures vanquished.

Notes
Turn   | Place    | Note
--------------------------------------------------------------
     0 | D:1      | stickyfingers the Vampire Enchanter began the quest for the Orb.
     0 | D:1      | Reached XP level 1. HP: 13/13 MP: 3/3
    99 | D:1      | Found a sparkling altar of Nemelex Xobeh.
   248 | D:1      | Reached XP level 2. HP: 14/19 MP: 5/5
   252 | D:1      | Learned a level 2 spell: Ensorcelled Hibernation
   597 | D:1      | Reached skill level 1 in Ice Magic
  1019 | D:2      | Reached XP level 3. HP: 24/24 MP: 1/6
  1024 | D:2      | Learned a level 3 spell: Confuse
  1279 | D:2      | Reached skill level 5 in Hexes
  1701 | D:2      | Reached XP level 4. HP: 30/30 MP: 7/7
  1875 | D:3      | Noticed Ijyb
  1926 | D:3      | Killed Ijyb
  1926 | D:3      | Reached skill level 6 in Hexes
  2144 | D:3      | Found a basalt altar of Yredelemnul.
  2315 | D:3      | Found a faded altar to an unknown god.
  2318 | D:3      | Reached skill level 7 in Hexes
  2363 | D:3      | Reached XP level 5. HP: 35/35 MP: 3/8
  2526 | D:4      | Found a staircase to the Ecumenical Temple.
  2532 | Temple   | Entered the Ecumenical Temple
  2625 | Temple   | Became a worshipper of Kikubaaqudgha
  2647 | D:4      | Found a basalt altar of Yredelemnul.
  2690 | D:4      | Noticed Nukog's ghost (amateur OgWn)
  2761 | D:4      | HP: 1/35 [Nukog's ghost (9)]
  3132 | D:4      | Got an ancient mace
  3606 | D:4      | Reached skill level 8 in Hexes
  3799 | D:4      | Killed Nukog's ghost
  3799 | D:4      | Reached skill level 5 in Stealth
  3799 | D:4      | Reached XP level 6. HP: 41/41 MP: 5/9
  3828 | D:5      | Entered Level 5 of the Dungeon
  3965 | D:5      | Found a shattered altar of Ashenzari.
  4036 | D:5      | Found a glowing drain.
  4123 | Sewer    | Entered a sewer
  4231 | Sewer    | Noticed Zuwkax
  4232 | Sewer    | Gained mutation: You are partially covered in yellow scales (AC +2). [helix card]
  4245 | Sewer    | Slain by Zuwkax the merfolk

Skill      XL: |  1  2  3  4  5  6 |
---------------+-------------------+-----
Short Blades   | 2 3 4 |  4.0
Ice Magic      | 1 2 |  2.0
Hexes          | 5 7 8 |  8.0
Stealth        | 5 6 |  6.4
Dodging        | |  2.1
Spellcasting   | |  2.0

Action                   |  1- 3 |  4- 6 || total
-------------------------+-------+-------++-------
Melee: Dagger            |    94 |   172 ||   266
       Bite              |     4 |    19 ||    23
       Unarmed           |       |     4 ||     4
Throw: Stone             |    10 |     1 ||    11
 Cast: Ensorcelled Hiber |    21 |    32 ||    53
       Confuse           |       |     5 ||     5
 Abil: Bat Form          |     1 |     5 ||     6
       End Transformatio |     1 |     4 ||     5
Evoke: Deck              |       |     6 ||     6
  Use: Potion            |     4 |     5 ||     9
 Stab: Sleeping          |    25 |    40 ||    65
       Confused          |       |    10 ||    10
Armor: Robe              |    45 |    22 ||    67
Dodge: Dodged            |    94 |    57 ||   151
